 Dungeon Crawl Stone Soup version 0.19-a0-406-ge21436e (webtiles) character file.

240 Ordine the Changer (level 6, -1/38 HPs)
             Began as an Octopode Transmuter on May 30, 2016.
             Slain by a gnoll
             ... wielding a +0 flail
              (12 damage)
             ... on level 3 of the Dungeon.
             The game lasted 00:12:23 (3209 turns).

Ordine the Changer (Octopode Transmuter)            Turns: 3209, Time: 00:12:23

Health: -1/38      AC:  1    Str:  9    XL:     6   Next: 8%
Magic:  9/9        EV: 12    Int: 17    God:
Gold:   170        SH:  0    Dex: 13    Spells: 2 memorised, 5 levels left

rFire  . . .     SeeInvis .       - Unarmed
rCold  . . .     Gourm    .     (no shield)
rNeg   . . .     Faith    .     (helmet restricted)
rPois  .         Spirit   .     (no amulet)
rElec  .         Dismiss  .     (no ring)
rCorr  .         Reflect  .     (no ring)
SustAt .         Harm     .     (no ring)
MR     .....                    (no ring)
Stlth  ++........               (no ring)
                                (no ring)
                                (no ring)
                                (no ring)

@: very slightly contaminated, invisible (expiring), not resistant to hostile
enchantments, unstealthy
A: almost no armour, amphibious, 8 rings, constrict 8, camouflage 1, gelatinous
body 1
a: no special abilities


You were on level 3 of the Dungeon.
You were hungry.

You visited 1 branch of the dungeon, and saw 3 of its levels.

You collected 170 gold pieces.

Inventory:

Jewellery
 a - an uncursed ring of fire {unknown}
 e - an uncursed ring of poison resistance {unknown}
Potions
 d - a potion of cancellation
 f - a potion of brilliance {unknown}
 i - a potion of heal wounds {unknown}
 k - a potion of flight {unknown}
Books
 b - a book of Changes

   Spells                             Type                      Level
   a - Beastly Appendage              Transmutation                1
   b - Sticks to Snakes               Transmutation                2
   c - Spider Form                    Transmutation/Poison         3
   d - Ice Form                       Ice/Transmutation            4
   e - Blade Hands                    Transmutation                5
Comestibles
 c - 2 bread rations
 g - 2 slices of pizza
 h - 3 chunks of flesh
 l - a meat ration


   Skills:
 - Level 1.0 Fighting
 - Level 2.0 Dodging
 - Level 3.0 Unarmed Combat
 - Level 2.0 Spellcasting
 + Level 6.2 Transmutations


You had 5 spell levels left.
You knew the following spells:

 Your Spells              Type           Power        Failure   Level  Hunger
a - Beastly Appendage     Tmut           ###...       1%          1    #......
b - Spider Form           Tmut/Pois      ##........   17%         3    ###....


Dungeon Overview and Level Annotations

Branches:
Dungeon (3/15)

Altars:
Elyvilon
Hepliaklqana
Yredelemnul


Innate Abilities, Weirdness & Mutations

You cannot wear most types of armour.
You are amphibious.
You can wear up to eight rings at the same time.
You can use your tentacles to constrict eight enemies at once.
Your skin changes colour to match your surroundings (Stealth+).
Your rubbery body absorbs attacks. (AC +1)


Message History

The gnoll hits you with a flail!
* * * LOW HITPOINT WARNING * * *
The gnoll splashes around in the water.
It was a potion of invisibility.
You fade into invisibility!
The gnoll closely misses you.
You are very lightly contaminated with residual magic.
Some of the chunks of flesh in your inventory have rotted away.
You feel yourself speed up.
You flicker for a moment.
The gnoll barely misses you.
You tentacle-slap the gnoll. Your grab misses the gnoll.
The gnoll is moderately wounded.
You barely miss the gnoll. Your grab misses the gnoll.
The gnoll is moderately wounded.
The gnoll closely misses you.
You barely miss the gnoll. Your grab misses the gnoll.
The gnoll is moderately wounded.
The gnoll hits you with a flail!
You die...

#....# #.≈≈≈... #....# #.≈≈≈..P
gOgg..'....' #.≈≈≈...
.ggg..g....'. # #.≈≈≈g..
......#8..8#.. .###.≈≈≈...
############ g.#.≈≈≈o..
#'###≈≈.o.
########################...#≈≈...
................@g.....#ggg#≈≈.g.
≈≈≈≈≈≈≈≈≈≈≈≈≈≈≈≈≈o≈≈≈≈≈#####≈≈...
≈≈≈≈≈≈≈≈≈≈≈≈≈≈≈≈≈≈≈≈≈≈≈≈≈≈≈≈≈≈...
≈≈≈≈≈≈≈≈≈≈≈≈≈≈≈≈≈≈≈≈≈≈≈))≈≈≈≈≈...
..P................P.............
P..........................P.....
#################################


You could see a gnoll and an orc.

Vanquished Creatures
  An orc wizard (D:3)
  Jessica (D:2)
  Terence (D:2)
  4 gnolls (D:3)
  An adder (D:2)
  An ooze (D:2)
  2 worms (D:2)
  3 dart slugs (D:2)
  3 giant geckos (D:1)
  3 orcs (D:3)
  3 giant cockroaches
  7 goblins
  10 hobgoblins
  19 jackals
  A quokka (D:3)
  6 bats
  5 giant newts
  9 kobolds
  6 rats
86 creatures vanquished.

Vanquished Creatures (others)
  A quokka (D:2)
1 creature vanquished.

Grand Total: 87 creatures vanquished

Notes
Turn   | Place    | Note
--------------------------------------------------------------
     0 | D:1      | Ordine the Octopode Transmuter began the quest for the Orb.
     0 | D:1      | Reached XP level 1. HP: 13/13 MP: 3/3
   332 | D:1      | Reached XP level 2. HP: 16/18 MP: 5/5
   392 | D:1      | Reached skill level 3 in Transmutations
   600 | D:1      | Reached XP level 3. HP: 22/23 MP: 6/6
   630 | D:1      | Learned a level 3 spell: Spider Form
  1337 | D:2      | Found a white marble altar of Elyvilon.
  1492 | D:2      | Reached skill level 4 in Transmutations
  1736 | D:2      | Reached XP level 4. HP: 25/28 MP: 7/7
  1790 | D:2      | Found a hazy altar of Hepliaklqana.
  1792 | D:2      | Noticed Jessica
  1822 | D:2      | Killed Jessica
  2171 | D:2      | Noticed Terence
  2343 | D:2      | Killed Terence
  2343 | D:2      | Reached skill level 5 in Transmutations
  2343 | D:2      | Reached XP level 5. HP: 28/33 MP: 4/8
  2509 | D:3      | Found a basalt altar of Yredelemnul.
  2709 | D:3      | Noticed an ogre
  3196 | D:3      | Reached skill level 6 in Transmutations
  3196 | D:3      | Reached XP level 6. HP: 17/38 MP: 9/9
  3209 | D:3      | Slain by a gnoll

Vault maps used:
D:1:      dpeg_arrival_morbid_curiosity, hangedman_abyss_or_decor_stabs
D:2:      old_standard_altar, first_bread, elyvilon_altar_4, uniq_jessica,
          uniq_terence
D:3:      lemuel_castle_with_subvaults, lemuel_round_altar,
          nicolae_ru_sacrificial_ziggurat

Skill      XL: |  1  2  3  4  5 |
---------------+----------------+-----
Transmutations | 3 4 5 6 |  6.2
Fighting       | |  1.0
Dodging        | |  2.0
Unarmed Combat | |  3.0
Spellcasting   | |  2.0

Action                   |  1- 3 |  4- 6 || total
-------------------------+-------+-------++-------
Melee: Unarmed           |    98 |   129 ||   227
       Constrict         |    24 |    21 ||    45
       Tentacles         |    17 |    11 ||    28
       Punch             |     1 |       ||     1
       Kick              |     2 |       ||     2
 Cast: Spider Form       |     1 |     7 ||     8
       Beastly Appendage |     1 |     2 ||     3
  Use: Scroll            |     4 |     3 ||     7
       Potion            |       |     2 ||     2
 Stab: Sleeping          |     8 |     2 ||    10
       Distracted        |     2 |       ||     2
  Eat: Chunk             |     2 |     6 ||     8
Armor: Skin              |     8 |    11 ||    19
Dodge: Dodged            |    65 |    91 ||   156
